cohdb
Replays
Latest Replays
All Replays
Popular Replays
Top Player Replays
Match Explorer
How It Works
Community
CoH3 Stats
Reddit
Sign in to upload your games and track your stats! →
Sign in with Steam
Match 43164848
Unlisted
Match 43164848
Overview
Messages
Build Orders
End
Engineer Squad
Construct Weapon Support Center
M1919 Machine Gun Team
Bazooka Squad
Engineer Squad
M1919 Machine Gun Team
Mechanized Support Center
Selects Heavy Weapons
M3 Armored Personnel Carrier
Selects Assault Carriers
M1919 Machine Gun Team
Construct Motor Pool
Selects M2HB .50cal Heavy Machine Gun
M8 Greyhound Armored Car
M8 Greyhound Armored Car
M8 Greyhound Armored Car
.30 cal Machine Gun
M8 Greyhound Armored Car
M24 Chaffee Light Tank
Improvised Armor
Designate Forward Repair Station
M24 Chaffee Light Tank
米浴
JT
子清
陈浩南
Ani Nega Gojarane!
cpt. jack
Team saupiquet
Clara
0
0
Comments
sign in to comment!
No comments posted yet!